 Dungeon Crawl Stone Soup version 0.24.0-1-gfbc8707122 (webtiles) character file.

Game seed: 3141832817001672353, levelgen mode: classic

18825 EnegeticOcto the Cleaver (level 12, -5/105 HPs)
             Began as a Minotaur Fighter on Oct 27, 2019.
             Was a High Priest of Makhleb.
             Slain by a troll (8 damage)
             ... on level 11 of the Dungeon.
             The game lasted 00:08:20 (10591 turns).

EnegeticOcto the Cleaver (Minotaur Fighter)        Turns: 10591, Time: 00:08:20

Health: -5/105     AC: 13    Str: 26    XL:     12   Next: 31%
Magic:  18/18      EV:  9    Int:  5    God:    Makhleb [*****.]
Gold:   603        SH: 18    Dex: 10    Spells: 11/11 levels left

rFire    + . .     SeeInvis .   a - +1 war axe
rCold    . . .     Gourm    .   E - +0 large shield
rNeg     . . .     Faith    .   L - +1 chain mail of Intuition {+Blink rElec rC- rCorr}
rPois    .         Spirit   .   (helmet restricted)
rElec    +         Reflect  .   q - scarf {rC+ rF+}
rCorr    +         Harm     .   G - +0 pair of gloves
MR       .....                  (no boots)
Stlth    ..........             (no amulet)
HPRegen  0.27/turn              c - +5 ring of slaying
MPRegen  0.16/turn              g - +2 ring of slaying

@: no status effects
A: retaliatory headbutt, horns 2
a: Minor Destruction, Lesser Servant of Makhleb, Major Destruction, Greater
Servant of Makhleb, Renounce Religion, Evoke Blink


You were on level 11 of the Dungeon.
You worshipped Makhleb.
Makhleb was extremely pleased with you.
You were not hungry.

You visited 1 branch of the dungeon, and saw 11 of its levels.
You also visited: Ossuary and Ice Cave.

You collected 603 gold pieces.

Inventory:

Hand Weapons
 a - a +1 war axe (weapon)
 j - the +2 demon trident of Proximity {pierce, MR+}
   (You found it in an ice cave)

   It inflicts extra damage upon your enemies.
   It affects your resistance to hostile enchantments.
Missiles
 t - 3 throwing nets (quivered) {!f}
Armour
 m - a +0 chain mail
 q - a scarf of resistance (worn)
 E - a +0 large shield (worn)
 G - a +0 pair of gloves (worn)
 L - the +1 chain mail of Intuition (worn) {+Blink rElec rC- rCorr}
   (You found it in an ice cave)

   It makes you vulnerable to cold.
   It insulates you from electricity.
   It lets you blink.
   It provides partial protection from all sources of acid and corrosion.
Jewellery
 c - a +5 ring of slaying (left hand)
 g - a +2 ring of slaying (right hand)
 l - a +5 ring of strength
 C - an uncursed ring of protection from magic
Wands
 k - a wand of acid (19)
 v - a wand of flame (14)
 w - a wand of polymorph (14)
 D - a wand of digging (5)
 H - a wand of iceblast (17)
 J - a wand of scattershot (4)
Scrolls
 b - a scroll of immolation
 f - 3 scrolls of remove curse {@r2}
 o - a scroll of enchant armour
 u - 2 scrolls of magic mapping {@r5 !r}
 y - 4 scrolls of enchant weapon
 F - a scroll of teleportation {@r3 !r}
 I - a scroll of fog {!r}
 M - a scroll of summoning
Potions
 d - a potion of might {@q3 !q}
 h - 2 potions of flight
 i - 6 potions of lignification {@q6}
 n - 5 potions of curing {@q1 !q}
 p - 3 potions of ambrosia
 r - 3 potions of mutation
 s - 2 potions of heal wounds {unknown}
 x - 2 potions of resistance
 z - 2 potions of berserk rage
 A - 2 potions of magic {unknown}
 B - a potion of brilliance
 K - a potion of haste {@q4 !q}
Comestibles
 e - 20 rations
 N - 3 chunks of flesh


   Skills:
 + Level 9.5 Fighting
 * Level 12.5 Axes
 + Level 9.6 Armour
 + Level 7.9 Dodging
 + Level 9.4 Shields
 * Level 10.0 Invocations


You had 11 spell levels left.
You didn't know any spells.
Your spell library contained the following spells:

 Spells                   Type           Power        Failure   Level  Hunger
 Animate Skeleton         Necr           N/A          100%        1    ##.....
 Apportation              Tloc           #.....       100%        1    ##.....
 Beastly Appendage        Tmut           #.....       100%        1    ##.....
 Confusing Touch          Hex            #.....       100%        1    ##.....
 Sandblast                Erth           #.....       100%        1    ##.....
 Summon Small Mammal      Summ           #...         100%        1    ##.....
 Passwall                 Tmut/Erth      #.......     100%        2    ###....
 Sticks to Snakes         Tmut           #.......     100%        2    ###....
 Confuse                  Hex            #.......     100%        3    ####...
 Gell's Gravitas          Tloc           #.........   100%        3    ####...
 Spider Form              Tmut/Pois      #.........   100%        3    ####...
 Stone Arrow              Conj/Erth      #.....       100%        3    ####...
 Ice Form                 Ice/Tmut       #.......     100%        4    #####..
 Petrify                  Tmut/Erth      #.......     100%        4    #####..
 Blade Hands              Tmut           #.........   100%        5    ######.
 Lee's Rapid Deconstruct  Erth           #.........   100%        5    ######.
 Metabolic Englaciation   Hex/Ice        #.........   100%        5    ######.
 Yara's Violent Unravell  Hex/Tmut       #.........   100%        5    ######.


Dungeon Overview and Level Annotations

Branches:
Dungeon (11/15)            Temple (0/1) D:6            Lair (0/6) D:11
    Orc (0/2) D:11        Ossuary (visited)           IceCv (visited)

Altars:
Dithmenos
Elyvilon
Hepliaklqana
Makhleb
Nemelex Xobeh
Vehumet
Xom

Annotations:
D:10 2 transporters, Arum's ghost, journeyman FoFi


Innate Abilities, Weirdness & Mutations

You reflexively headbutt those who attack you in melee.
You have a pair of horns on your head.


Message History

The shadow slips into darkness.
The shadow flickers and vanishes!
Deactivating autopickup; reactivate with Ctrl-A.
Evoke which item? (* to show all) (? for menu, Esc to quit)
Aiming: Corrosive Bolt
Press: ? - help, Shift-Dir - straight line, f/p - five-headed hydra
Aim: a five-headed hydra (heavily wounded, covered in acid)
The bolt of acid hits the five-headed hydra!
The five-headed hydra is splashed with acid.
The five-headed hydra seems to be corroded for longer.
The five-headed hydra is severely wounded.
The bolt of acid hits the manticore!
The manticore is splashed with acid.
The manticore seems to be corroded for longer.
You kill the manticore!
Makhleb accepts your kill.
You feel better.
The bolt of acid hits the cyan ugly thing!
The cyan ugly thing is splashed with acid.
The cyan ugly thing is heavily wounded.
You hear an angry buzzing noise.
You block the killer bee's attack.
Your ufetubus barely misses the five-headed hydra.
Your ufetubus hits the five-headed hydra.
You block the killer bee's attack.
The five-headed hydra bites you but does no damage.
The five-headed hydra misses you.
The five-headed hydra closely misses you.
The five-headed hydra bites you but does no damage.
The five-headed hydra bites you!
Your hellwing hits the five-headed hydra!
Your hellwing hits the five-headed hydra.
The five-headed hydra dies!
Makhleb accepts your kill.
You can now summon a greater servant of Makhleb.
Your Invocations skill increases to level 10!
You hear an angry hiss.
You closely miss the killer bee.
The killer bee is heavily wounded.
You hit something. You block the killer bee's attack.
Something closely misses your ufetubus.
The shadow strikes at you from the darkness!
Reactivating autopickup.
The killer bee barely misses you. You furiously retaliate!
You headbutt the killer bee!
You kill the killer bee!
Makhleb accepts your kill.
Your hellwing hits the shadow!
Your hellwing closely misses the shadow.
You hit the shadow.
The shadow is severely damaged.
Your ynoxinul disappears in a puff of smoke!
Your ufetubus disappears in a puff of smoke! x2
A centaur comes into view. It is wielding a +7 hand axe.
A wyvern comes into view.
The shadow slips into darkness.
The shadow flickers and vanishes!
Deactivating autopickup; reactivate with Ctrl-A.
The centaur unwields a +7 hand axe.
The centaur wields a +0 shortbow.
The centaur shoots an arrow.
The arrow hits your hellwing but does no damage.
The wyvern moves out of view.
You hit something but do no damage.
The centaur shoots an arrow.
The arrow hits your hellwing!
The shadow strikes at you from the darkness!
You slice something!! Makhleb accepts your kill.
You feel better.
Reactivating autopickup.
You feel a bit more experienced.
The centaur shoots an arrow.
The arrow hits your hellwing.
A vampire mosquito comes into view.
The centaur skeleton barely misses you.
The vampire mosquito moves out of view.
You hit the centaur skeleton. You headbutt the centaur skeleton!
The centaur skeleton is heavily damaged.
Your hellwing hits the centaur skeleton!
The centaur skeleton is destroyed!
Makhleb accepts your kill.
The centaur shoots an arrow.
The arrow hits your hellwing.
An ogre mage comes into view. It is wielding a +0 spear.
You block the two-headed ogre's attack. x2; The troll bites you.
The troll claws you. x2; The centaur unwields a +0 shortbow.
The centaur wields a +7 hand axe.
The centaur hits you but does no damage.
The centaur hits your hellwing with a +7 hand axe.
Your hellwing hits the centaur. x2
Items here: $ ))) [ | †† You barely miss the troll.
You hit the two-headed ogre. You slice the centaur!!
You block the centaur's attack.
The centaur hits your hellwing with a +7 hand axe!
The troll bites you!
* * * LOW HITPOINT WARNING * * *
You block the troll's attack. x2
The two-headed ogre hits you with a +0 giant spiked club!!
* * * LOW HITPOINT WARNING * * *
The two-headed ogre hits you but does no damage.
Your hellwing barely misses the centaur.
Your hellwing hits the centaur. The troll closely misses you.
You furiously retaliate!
You headbutt the troll! The troll barely misses you. The troll claws you!
You die...

###*,.####.#.###########.#####..*
,,,,.,,,........................,
,***,***##.#####.#####.#####.###,
,*,,*,,*,*..##.....#.....#,,,,**,
,*,,*,,**,,#.#.#.#.##.##.#****,*,
,,,,,,,,,,*,...#$#.)##÷##..,,,*,,
,*,,*,,*,*,,*#†#[#)#.##.####**,*,
,*,,*,,**,,*,#.†4c.#.....#,,,,**,
,***,*****,**###@#####3###**,***,
,*,,,,,*,,,,,* #OT##5.5..#,**,,*,
,*,,**,*,,,,,**#l#u#.#|!.##,,*,*,
,,,**,,,,,,,,,,55y..##$)..#,,,*,,
,*,,*,,*,,,,,*,#l###..##.#.#,*,*,
,*,,,,,*,,,,,**..# #.O#..#..#,,*,
,***,*****,****#.#*###.###*#.#**,
,* *,* **,** *,#.#,**,.# *,,#..*,
,***,***,******,,,***,,***,*,#.*,


You could see a cyan ugly thing, a two-headed ogre, an ogre mage, a troll, a
hornet, a wyvern, a centaur, an iguana, a crimson imp, a shadow imp and a
friendly hellwing.

Vanquished Creatures
  A fire dragon (D:11)
  Erolcha (D:9)
  Fannar (D:11)
  A catoblepas (D:11)
  4 two-headed ogres
  Nergalle (D:10)
  A necromancer (IceCv)
  Pikel (D:9)
  A manticore (D:11)
  2 ice statues (IceCv)
  Maurice (D:10)
  7 ice devils (IceCv)
  A hippogriff (D:9)
  A shadow (D:11)
  3 hogs (D:8)
  A human (D:8)
  Eustachio (D:5)
  11 yaks
  A water moccasin (D:8)
  2 necrophages (D:5)
  2 sky beasts
  3 ice beasts
  3 slaves (D:9)
  3 black bears
  5 ogres
  2 phantoms
  8 centaurs
  A crocodile (D:9)
  2 elf zombies (Ossuary)
  A big kobold (D:11)
  3 bullfrogs
  A water moccasin zombie (D:9)
  A scorpion (D:2)
  5 killer bees
  2 howler monkeys (D:10)
  2 centaur zombies
  4 crimson imps
  A draconian simulacrum (IceCv)
  5 hounds
  A quasit (D:6)
  A jelly (D:7)
  7 orc wizards
  A centaur skeleton (D:8)
  An orc priest (D:2)
  Crazy Yiuf (D:3)
  Natasha (thrice) (D:2)
  Terence (D:3)
  3 iguanas
  Ijyb (D:3)
  6 troll simulacra (IceCv)
  5 worker ants
  A killer bee zombie (D:7)
  A centaur simulacrum (IceCv)
  A hound zombie (D:8)
  2 hound skeletons
  2 mummies (Ossuary)
  A worker ant zombie (D:9)
  8 gnolls
  12 adders
  2 ogre simulacra (IceCv)
  5 shadow imps
  2 oozes
  2 adder zombies
  3 worms
  5 dart slugs
  4 leopard geckos
  15 orcs
  A ball python (D:3)
  5 giant cockroaches
  7 goblins
  11 hobgoblins
  17 jackals
  4 quokkas
  7 bats
  8 frilled lizards
  15 hobgoblin zombies (Ossuary)
  A jackal zombie (Ossuary)
  13 kobolds
  10 kobold zombies (Ossuary)
  6 orc zombies (Ossuary)
  4 rats
  2 rat zombies (Ossuary)
305 creatures vanquished.

Vanquished Creatures (collateral kills)
  A hydra (D:11)
  Harold (D:7)
  Erica (D:8)
  A two-headed ogre (D:8)
  An ugly thing (D:11)
  A troll (D:11)
  A hungry ghost (D:9)
  A steam dragon (D:8)
  A water moccasin (D:8)
  An orc warrior (D:6)
  A big kobold (D:11)
  A bullfrog (D:11)
  A centaur skeleton (D:11)
  A worker ant (D:8)
14 creatures vanquished.

Grand Total: 319 creatures vanquished

Notes
Turn   | Place    | Note
-------+----------+-------------------------------------------
     0 | D:1      | EnegeticOcto the Minotaur Fighter began the quest for the
                  | Orb.
     0 | D:1      | Reached XP level 1. HP: 19/19 MP: 0/0
     0 | D:1      | Found a shimmering altar of Xom.
    61 | D:1      | Reached XP level 2. HP: 27/27 MP: 1/1
   220 | D:1      | Reached skill level 3 in Axes
   451 | D:1      | Reached skill level 1 in Dodging
   476 | D:1      | Reached XP level 3. HP: 33/33 MP: 2/2
   874 | D:2      | Noticed Natasha
   884 | D:2      | Killed Natasha
  1121 | D:2      | Reached XP level 4. HP: 38/40 MP: 3/3
  1220 | D:2      | Noticed Natasha
  1230 | D:2      | Killed Natasha
  1382 | D:2      | Reached skill level 4 in Axes
  1439 | D:2      | Noticed Natasha
  1444 | D:2      | Killed Natasha
  1444 | D:2      | Reached XP level 5. HP: 46/46 MP: 4/4
  1648 | D:2      | Found a burning altar of Makhleb.
  1648 | D:2      | Noticed a green death
  1651 | D:2      | Noticed a ynoxinul
  1651 | D:2      | Noticed an orange demon
  2062 | D:2      | Became a worshipper of Makhleb the Destroyer
  2350 | D:2      | Reached skill level 1 in Invocations
  2350 | D:2      | Reached XP level 6. HP: 23/53 MP: 5/5
  2627 | D:3      | Noticed Terence
  2638 | D:3      | Killed Terence
  2873 | D:3      | Found a radiant altar of Vehumet.
  2885 | D:3      | Reached skill level 5 in Axes
  3005 | D:3      | Noticed Ijyb
  3012 | D:3      | Killed Ijyb
  3012 | D:3      | Reached * piety under Makhleb
  3458 | D:3      | Found a runed translucent door.
  3459 | D:3      | Noticed Crazy Yiuf
  3468 | D:3      | Killed Crazy Yiuf
  3584 | D:4      | Found a sparkling altar of Nemelex Xobeh.
  3631 | D:4      | Found a white marble altar of Elyvilon.
  3634 | D:4      | You fall into a shaft and drop 2 floors!
  3651 | D:5      | Entered Level 5 of the Dungeon
  3655 | D:5      | Reached skill level 5 in Armour
  3684 | D:5      | Reached skill level 5 in Fighting
  3684 | D:5      | Reached skill level 5 in Shields
  3684 | D:5      | Reached XP level 7. HP: 61/61 MP: 7/7
  3995 | D:4      | Found a sand-covered staircase.
  4032 | Ossuary  | Entered an ossuary
  4093 | Ossuary  | Reached ** piety under Makhleb
  4097 | Ossuary  | Reached skill level 6 in Axes
  4493 | D:5      | Reached XP level 8. HP: 66/68 MP: 9/9
  4697 | D:5      | Noticed Eustachio
  4713 | D:5      | Killed Eustachio
  4744 | D:5      | Reached skill level 7 in Axes
  5228 | D:6      | Reached *** piety under Makhleb
  5583 | D:6      | Found a staircase to the Ecumenical Temple.
  5958 | D:6      | Reached skill level 5 in Invocations
  5958 | D:6      | Reached XP level 9. HP: 65/75 MP: 11/11
  6007 | D:6      | Found a shadowy altar of Dithmenos.
  6007 | D:6      | Found a white marble altar of Elyvilon.
  6101 | D:7      | Noticed Harold
  6124 | D:7      | Killed Harold
  6124 | D:7      | Reached skill level 8 in Axes
  6441 | D:7      | Reached skill level 5 in Dodging
  6790 | D:8      | Noticed Erica
  6790 | D:8      | Noticed a two-headed ogre
  6798 | D:8      | Killed a two-headed ogre
  6798 | D:8      | Reached skill level 9 in Axes
  6802 | D:8      | Killed Erica
  6802 | D:8      | Reached XP level 10. HP: 51/86 MP: 13/13
  7387 | D:8      | Reached skill level 10 in Axes
  7766 | D:8      | Found a hazy altar of Hepliaklqana.
  7890 | D:9      | Noticed Erolcha
  7898 | D:9      | Killed Erolcha
  8357 | D:9      | Noticed Pikel
  8373 | D:9      | Killed Pikel
  8620 | D:10     | Entered Level 10 of the Dungeon
  8625 | D:10     | Noticed a yaktaur captain
  8627 | D:10     | Found a transporter.
  8627 | D:10     | Noticed Arum's ghost (journeyman FoFi)
  8650 | D:10     | Noticed a two-headed ogre
  8650 | D:10     | Noticed Maurice
  8653 | D:10     | Noticed Nergalle
  8660 | D:10     | Killed Nergalle
  8660 | D:10     | Reached XP level 11. HP: 53/94 MP: 14/16
  8661 | D:10     | Killed a two-headed ogre
  8666 | D:10     | Killed Maurice
  8666 | D:10     | Reached **** piety under Makhleb
  8859 | D:10     | Noticed a two-headed ogre
  8867 | D:10     | Killed a two-headed ogre
  8867 | D:10     | Reached skill level 11 in Axes
  8922 | D:10     | Found a transporter.
  9268 | D:11     | Found a frozen archway.
  9274 | IceCv    | Entered an ice cave
  9863 | IceCv    | Noticed a necromancer
  9873 | IceCv    | Killed a necromancer
  9877 | IceCv    | Got an iridescent demon trident
  9878 | IceCv    | Identified the +2 demon trident of Proximity {pierce, MR+}
                  | (You found it in an ice cave)
  9886 | IceCv    | Got a warped chain mail
  9897 | IceCv    | Identified the +1 chain mail of Intuition {+Blink rElec rC-
                  | rCorr} (You found it in an ice cave)
 10521 | D:11     | Noticed a catoblepas
 10527 | D:11     | Noticed a two-headed ogre
 10536 | D:11     | Killed a catoblepas
 10545 | D:11     | Killed a two-headed ogre
 10545 | D:11     | Reached skill level 12 in Axes
 10548 | D:11     | Noticed a fire dragon
 10556 | D:11     | Reached XP level 12. HP: 90/104 MP: 18/18
 10556 | D:11     | Noticed Fannar
 10565 | D:11     | Killed a fire dragon
 10572 | D:11     | Killed Fannar
 10572 | D:11     | Noticed a five-headed hydra
 10572 | D:11     | Noticed a two-headed ogre
 10575 | D:11     | Noticed a two-headed ogre
 10576 | D:11     | Killed a two-headed ogre
 10584 | D:11     | Killed a five-headed hydra
 10584 | D:11     | Reached ***** piety under Makhleb
 10584 | D:11     | Reached skill level 10 in Invocations
 10590 | D:11     | Noticed an ogre mage
 10591 | D:11     | HP: 3/105 [two-headed ogre/+0 giant spiked club (22)]
 10591 | D:11     | Slain by a troll

Levels and vault maps discovered:
D:1:      sevenhm_arrival_forest_fort_small_6, layout_loops_ring
D:2:      layout_loops_cross, makhleb_altar_promises_db, minmay_close_crescents,
          uniq_natasha
D:3:      layout_basic, nicolae_overflow_crystal_walls, uniq_terence,
          uniq_crazy_yiuf_cottage, uniq_ijyb
D:4:      layout_basic, lemuel_crystal_altar, enter_ossuary_2, first_ration,
          elyvilon_altar_3
D:5:      layout_basic, uniq_eustachio
D:6:      layout_loops_ring, amethyst_overflow_temple_binary, temple_statues
D:7:      layout_basic, uniq_harold
D:8:      layout_basic, kennysheep_mini, grunt_livestock, minmay_checkerbox,
          uniq_erica
D:9:      layout_long_grid, uniq_pikel, uniq_erolcha
D:10:     layout_basic, gammafunk_ghost_arena, uniq_nergalle, uniq_maurice
D:11:     minmay_the_grid_square_5x5_5x5
          [minmay_the_grid_square_5x5_three_small,
          minmay_the_grid_square_5x5_corner,
          minmay_the_grid_square_5x5_sharp_hourglass,
          minmay_the_grid_square_5x5_inner_i, minmay_the_grid_square_5x5_tie,
          minmay_the_grid_square_5x5_z,
          minmay_the_grid_square_5x5_prize_rear_guard,
          minmay_the_grid_square_5x5_broken_cross,
          minmay_the_grid_square_5x5_prize_deathbox,
          minmay_the_grid_square_5x5_one_wall, minmay_the_grid_square_5x5_eight,
          minmay_the_grid_square_5x5_hourglass,
          minmay_the_grid_square_5x5_prize_monsterx,
          minmay_the_grid_square_5x5_dogpile,
          minmay_the_grid_square_5x5_tri_point,
          minmay_the_grid_square_5x5_lines,
          minmay_the_grid_square_5x5_prize_gold,
          minmay_the_grid_square_5x5_almost_minimal,
          minmay_the_grid_square_5x5_prize_waves,
          minmay_the_grid_square_5x5_checkered,
          minmay_the_grid_square_5x5_bridge,
          minmay_the_grid_square_5x5_pentomino_r,
          minmay_the_grid_square_5x5_plus, minmay_the_grid_square_5x5_bracketed,
          minmay_the_grid_square_5x5_seven], layout_loops_ring,
          portal_ice_cave_entry_pillars_1, enter_bailey_3, kennysheep_diamond,
          uniq_fannar

Skill      XL: |  1  2  3  4  5  6  7  8  9 10 11 12 |
---------------+-------------------------------------+-----
Axes           | 3 4 5 6 7 9 10 12 | 12.5
Dodging        | 1 2 3 4 5 6 7 |  7.9
Armour         | 4 5 6 7 8 9 |  9.6
Fighting       | 4 5 6 7 8 9 |  9.5
Shields        | 4 5 6 7 8 9 |  9.4
Invocations    | 1 2 3 5 6 8 9 10 | 10.0

Action                   |  1- 3 |  4- 6 |  7- 9 | 10-12 || total
-------------------------+-------+-------+-------+-------++-------
Melee: War axe           |    66 |   146 |   235 |   330 ||   777
       Headbutt          |     7 |    40 |    52 |    82 ||   181
Invok: Lesser Servant of |       |       |     7 |     6 ||    13
Evoke: Wand              |       |       |       |     3 ||     3
  Use: Scroll            |       |     7 |     9 |     5 ||    21
       Potion            |       |     1 |     2 |       ||     3
 Stab: Distracted        |       |       |     1 |     2 ||     3
       Petrified         |       |       |       |     1 ||     1
  Eat: Chunk             |       |     7 |     9 |     9 ||    25
       Ration            |       |     1 |       |     1 ||     2
Armor: Scale mail        |    32 |    77 |    55 |       ||   164
       Chain mail        |       |       |    20 |   113 ||   133
Dodge: Dodged            |    22 |    63 |    88 |    88 ||   261
Block: Shield            |    26 |    98 |   159 |    49 ||   332
       Large shield      |       |       |       |   220 ||   220
